 Dungeon Crawl Stone Soup version 0.20-a0-1020-g7b9e4fe (webtiles) character file.

606 Gorglomux the Poker (level 7, -7/51 HPs)
             Began as a Human Wanderer on Apr 18, 2017.
             Shot with an arrow by a centaur (14 damage)
             ... on level 5 of the Dungeon.
             The game lasted 00:26:18 (8243 turns).

Gorglomux the Poker (Human Wanderer)                Turns: 8243, Time: 00:26:19

Health: -7/51      AC:  7    Str: 15    XL:     7   Next: 70%
Magic:  8/8        EV: 13    Int: 12    God:
Gold:   247        SH:  0    Dex: 12    Spells: 7/8 levels left

rFire    . . .     SeeInvis .   a - +0 trident
rCold    . . .     Gourm    .   (no shield)
rNeg     . . .     Faith    .   d - +0 robe
rPois    .         Spirit   .   (no helmet)
rElec    .         Reflect  .   o - +0 cloak
rCorr    .         Harm     .   (no gloves)
MR       .....                  (no boots)
Stlth    ++........             (no amulet)
Regen    0.2/turn               x - +2 ring of evasion
MPRegen  0.2/turn               e - +4 ring of protection

@: very slightly contaminated
A: no striking features
a: no special abilities


You were on level 5 of the Dungeon.
You were very hungry.

You visited 1 branch of the dungeon, and saw 5 of its levels.

You collected 247 gold pieces.

Inventory:

Hand Weapons
 a - a +0 trident (weapon)
   (You found it on level 2 of the Dungeon)
 b - a +1 spear
Missiles
 j - 36 sling bullets
 t - 108 stones
 w - 2 tomahawks (quivered)
 y - 8 javelins
Armour
 d - a +0 robe (worn)
 o - a +0 cloak (worn)
   (You found it on level 5 of the Dungeon)
Jewellery
 e - a +4 ring of protection (right hand)
   (You found it on level 3 of the Dungeon)
 m - an uncursed ring of protection from fire {rF+, !d}
   (You took it off a hobgoblin on level 2 of the Dungeon)
 x - a +2 ring of evasion (left hand)
   (You found it on level 3 of the Dungeon)
Wands
 B - a wand of random effects (25/48)
   (You took it off Blork the orc on level 5 of the Dungeon)
Scrolls
 n - a scroll of enchant weapon
 z - a scroll of remove curse
Potions
 g - a potion of lignification {!q}
 i - a potion of might
 k - 3 potions of degeneration {!q}
 q - a potion of brilliance {unknown}
 r - a potion of curing {unknown}
 s - a potion of flight {unknown}
Books
 c - Sif Muna's Collected Works on Execration

   Spells                             Type                      Level
   a - Corona                         Hexes                        1
   b - Spectral Weapon                Hexes/Charms                 3
 u - a book of Air
Comestibles
 f - 4 bread rations {@e1@e1}
 h - 2 royal jellies


   Skills:
 - Level 2.4 Fighting
 + Level 7.3 Polearms
 - Level 3.0 Armour
 - Level 1.0 Dodging
 - Level 1.0 Stealth
 - Level 1.0 Spellcasting
 - Level 0.2 Conjurations
   Level 1.0 Summonings
 - Level 1.2 Air Magic
 - Level 1.0 Evocations


You had 7 spell levels left.
You knew the following spells:

 Your Spells              Type           Power        Failure   Level  Hunger
a - Shock                 Conj/Air       #...         28%         1    ##.....


Dungeon Overview and Level Annotations

Branches:
Dungeon (5/15)
 Temple: D:4-7

Altars:
Zin

Annotations:
D:3 Malvoorn's ghost, amateur MfSk
D:4 Malvoorn's ghost, amateur MiBe


Message History

You miscast Shock.
You feel electric! Blork the orc misses you.
Attack whom?
Aim: Blork the orc, wielding a halberd and wearing a robe (lightly wounded, fast)
You reach to attack!
You puncture Blork the orc! Blork the orc completely misses you.
Blork the orc barely misses you.
Attack whom?
Aim: Blork the orc, wielding a halberd and wearing a robe (moderately wounded, fast)
You reach to attack!
You puncture Blork the orc! Blork the orc barely misses you.
Attack whom?
Aim: Blork the orc, wielding a halberd and wearing a robe (heavily wounded, fast)
You reach to attack!
You closely miss Blork the orc.
Blork the orc hits you from afar with a halberd!
You take 7 damage, and have 44/51 hp.
Attack whom?
Aim: Blork the orc, wielding a halberd and wearing a robe (heavily wounded, fast)
You reach to attack!
You hit Blork the orc. Blork the orc barely misses you.
Attack whom?
Aim: Blork the orc, wielding a halberd and wearing a robe (severely wounded, fast)
You reach to attack!
You hit Blork the orc but do no damage. Blork the orc misses you.
Attack whom?
Aim: Blork the orc, wielding a halberd and wearing a robe (severely wounded, fast)
You reach to attack!
You completely miss Blork the orc. Blork the orc closely misses you.
Attack whom?
Aim: Blork the orc, wielding a halberd and wearing a robe (severely wounded, fast)
You reach to attack!
You hit Blork the orc. Blork the orc casts a spell at you.
The puff of flame hits you!
Blork the orc hits you from afar with a halberd.
You take 7 damage, and have 37/51 hp.
Attack whom?
Aim: Blork the orc, wielding a halberd and wearing a robe (severely wounded, fast)
You reach to attack!
You barely miss Blork the orc. Blork the orc barely misses you.
Attack whom?
Aim: Blork the orc, wielding a halberd and wearing a robe (severely wounded, fast)
You reach to attack!
You hit Blork the orc but do no damage. Blork the orc closely misses you.
Attack whom?
Aim: Blork the orc, wielding a halberd and wearing a robe (severely wounded, fast)
You reach to attack!
You hit Blork the orc. Blork the orc barely misses you.
Unknown command.
Attack whom?
Aim: Blork the orc, wielding a halberd and wearing a robe (almost dead, fast)
You reach to attack!
You hit Blork the orc.
You kill Blork the orc!
No target in view!
B - a wand of random effects (?/48)
Things that are here:
a halberd; a robe There isn't anything to butcher here.
You start resting.
Your magical contamination has completely faded away.
You regained 3 hp, and now have 42/51 hp.
MP restored: 8 You now have 236 gold pieces (gained 14).
t - 108 stones (gained 26)
You now have 247 gold pieces (gained 11).
You are feeling very hungry.
You regained 5 hp, and now have 47/51 hp.
The centaur shoots an arrow.
The arrow hits you.
The centaur shoots an arrow.
The arrow hits you!
You see here 2 arrows.
You take 13 damage, and have 34/51 hp.
MASSIVE DAMAGE!!
The centaur shoots an arrow.
The arrow hits you!
A centaur comes into view.
You see here an arrow.
You take 11 damage, and have 23/51 hp.
MASSIVE DAMAGE!!
Okay, then.
As you read the scroll of fear, it crumbles to dust.
You assume a fearsome visage.
The centaur looks frightened! x2
The centaur moves out of view.
As you read the scroll labeled OCLA EFYNGA, it crumbles to dust.
The air around you briefly surges with heat, but it dissipates.
It was a scroll of immolation.
As you read the scroll labeled TYIVAI GEBIPN, it crumbles to dust.
It is a scroll of amnesia.
Forget which spell ([?*] list [ESC] exit)?
Forget which spell ([?*] list [ESC] exit)?
Okay, then.
Blink to where?
You are very lightly contaminated with residual magic.
As you read the scroll labeled UHAUXIEFFA, it crumbles to dust.
It was a scroll of blinking.
The centaur seems to regain its courage.
The centaur wields a shortbow.
The centaur shoots an arrow.
The arrow hits you!
You see here an arrow.
You take 8 damage, and have 16/51 hp.
The centaur shoots an arrow.
The arrow hits you!
* * * LOW HITPOINT WARNING * * *
There is a stone staircase leading up, spattered with blood here.
You see here 4 arrows.
You take 9 damage, and have 7/51 hp.
The centaur shoots an arrow.
The arrow hits you!
You die...

#.#.###...####### #.(# #.
#.#.# #.......... #..# #.
#.#.# #.#.######. #.ยง#
#. #.#.# #.#........ #..#
#. #.#.# #.#.#######
#..####. #...# #...#
##....... ##..# #.#.#
#.....##. #..# #.#.#
#####.....##.
#..###.#@####............
#..#.....(....###.....###
#..#.#.....######.....#..
#..#.#...................
#..#.#.....######.#######
#.##.c.....# #.#
#.########## #.# #.# .#
#.#


You could see a centaur.

Vanquished Creatures
  A phantom (D:4)
  Blork the orc (D:5)
  2 hounds
  A jelly (D:4)
  An orc priest (D:3)
  A centaur skeleton (D:4)
  2 worker ants
  An iguana (D:4)
  A hound zombie (D:3)
  A hound skeleton (D:3)
  6 adders
  7 worms
  3 dart slugs
  2 leopard geckos
  6 orcs
  4 ball pythons
  13 bats
  5 giant cockroaches
  12 goblins
  12 hobgoblins
  8 jackals (D:3)
  5 quokkas
  4 frilled lizards
  A jackal skeleton (D:3)
  10 kobolds
  A leopard gecko zombie (D:3)
  A quokka skeleton (D:4)
  6 rats
118 creatures vanquished.

Notes
Turn   | Place    | Note
-------+----------+-------------------------------------------
     0 | D:1      | Gorglomux the Human Wanderer began the quest for the Orb.
     0 | D:1      | Gorglomux set off with: a book of Air, a +0 spear, Sif Muna's Collected Works on Execration, a +0 robe, a bread ration {@e1@e1}
     0 | D:1      | Reached XP level 1. HP: 16/16 MP: 2/2
     9 | D:1      | Identified Sif Muna's Collected Works on Execration
    11 | D:1      | Learned a level 1 spell: Shock
   227 | D:1      | Reached XP level 2. HP: 22/22 MP: 3/3
   629 | D:1      | Reached skill level 1 in Dodging
  1034 | D:1      | Reached XP level 3. HP: 16/28 MP: 4/4
  1057 | D:1      | Reached skill level 1 in Polearms
  1784 | D:2      | Reached skill level 2 in Polearms
  1801 | D:2      | Reached XP level 4. HP: 30/34 MP: 5/5
  2572 | D:2      | Reached skill level 3 in Polearms
  3258 | D:2      | Found a faded altar of an unknown god.
  3315 | D:2      | Reached XP level 5. HP: 39/39 MP: 4/6
  3672 | D:3      | Reached skill level 4 in Polearms
  3851 | D:3      | Noticed Malvoorn's ghost (amateur MfSk)
  4375 | D:3      | Found a glowing silver altar of Zin.
  4384 | D:3      | Reached XP level 6. HP: 46/46 MP: 1/7
  4509 | D:3      | Reached skill level 5 in Polearms
  5883 | D:4      | Noticed a phantom
  5924 | D:4      | Killed a phantom
  5924 | D:4      | Reached skill level 6 in Polearms
  5924 | D:4      | Reached XP level 7. HP: 20/51 MP: 0/8
  5931 | D:4      | HP: 8/51 [kobold/flail (5)]
  6222 | D:4      | Noticed Malvoorn's ghost (amateur MiBe)
  6398 | D:3      | HP: 19/76 [poisoned by a worker ant]
  6404 | D:3      | HP: 16/76 [poisoned by a worker ant]
  6410 | D:3      | HP: 14/76 [poisoned by a worker ant]
  6418 | D:3      | HP: 14/76 [poisoned by a worker ant]
  6426 | D:3      | HP: 14/76 [poisoned by a worker ant]
  6794 | D:5      | Entered Level 5 of the Dungeon
  7090 | D:5      | Noticed Blork the orc
  7215 | D:3      | HP: 11/51 [Malvoorn's ghost (6)]
  7257 | D:3      | HP: 5/51 [Malvoorn's ghost (8)]
  7290 | D:3      | HP: 6/51 [Malvoorn's ghost (4)]
  7996 | D:4      | Reached skill level 7 in Polearms
  8174 | D:5      | Killed Blork the orc
  8242 | D:5      | HP: 7/51 [centaur/arrow (10)]
  8243 | D:5      | Shot with an arrow by a centaur

Vault maps used:
D:1:      scummos_arrival_star, minmay_shallow_snake_nest
D:2:      first_bread, chequers_ecumenical_altar_twisty, minmay_tiny_reverse_x
D:3:      cheibrodos_old_hovel, overflow_temple_1_default, serial_undead,
          serial_undead_d, serial_undead_a, serial_undead_d, serial_undead_c
D:5:      uniq_blork_the_orc

Skill      XL: |  1  2  3  4  5  6  7 |
---------------+----------------------+-----
Dodging        | 1 |  1.0
Polearms       | 2 3 4 6 7 |  7.3
Fighting       | |  2.4
Armour         | |  3.0
Stealth        | |  1.0
Spellcasting   | |  1.0
Conjurations   | |  0.2
Summonings     | |  1.0
Air Magic      | |  1.2
Evocations     | |  1.0

Action                   |  1- 3 |  4- 6 |  7- 9 || total
-------------------------+-------+-------+-------++-------
Melee: Spear             |   129 |    57 |       ||   186
       Trident           |       |   178 |   101 ||   279
 Fire: Hunting sling     |       |    27 |       ||    27
Throw: Stone             |       |    51 |       ||    51
       Javelin           |       |     4 |       ||     4
       Tomahawk          |       |     2 |     1 ||     3
 Cast: Shock             |    22 |   120 |    41 ||   183
  Use: Scroll            |       |     6 |     4 ||    10
       Potion            |       |       |     4 ||     4
 Stab: Sleeping          |     4 |     2 |       ||     6
  Eat: Chunk             |     4 |    16 |     5 ||    25
       Fruit             |       |     3 |     2 ||     5
       Royal jelly       |       |       |     1 ||     1
Armor: Robe              |    28 |    88 |    29 ||   145
       Skin              |       |       |     3 ||     3
Dodge: Dodged            |    67 |   158 |    69 ||   294

Vault maps used:
D:1:      scummos_arrival_star, minmay_shallow_snake_nest
D:2:      first_bread, chequers_ecumenical_altar_twisty, minmay_tiny_reverse_x
D:3:      cheibrodos_old_hovel, overflow_temple_1_default, serial_undead,
          serial_undead_d, serial_undead_a, serial_undead_d, serial_undead_c
D:5:      uniq_blork_the_orc

Table legend:
 A = Turns spent in this place as a percentage of turns spent in the entire game.
 B = Non-inter-level travel turns spent in this place as a percentage of non-inter-level travel turns spent in the entire game.
 C = Inter-level travel turns spent in this place as a percentage of turns spent in this place.
 D = Turns resting spent in this place as a percentage of non-inter-level travel turns spent in this place.
 E = Turns spent auto-exploring this place as a percentage of non-inter-level travel turns spent in this place.
 F = Non-inter-level travel turns spent in this place divided by the number of levels of this place that you've seen.
                   A       B       C       D       E      F
               +-------+-------+-------+-------+-------+----------------------
         Total | 100.0 | 100.0 |   0.6 |   5.0 |   5.2 | 523.0
       Dungeon | 100.0 | 100.0 |   0.6 |   5.0 |   5.2 | 523.0
               +-------+-------+-------+-------+-------+----------------------

Table legend:
 A = Kills in this place as a percentage of kills in entire the game.
 B = Kills by you in this place as a percentage of kills by you in the entire game.
 C = Kills by friends in this place as a percentage of kills by friends in the entire game.
 D = Other kills in this place as a percentage of other kills in the entire game.
 E = Experience gained in this place as a percentage of experience gained in the entire game.
 F = Experience gained in this place divided by the number of levels of this place that you have seen.
                   A       B       C       D       E      F
               +-------+-------+-------+-------+-------+----------------------
         Total | 100.0 | 100.0 |  -nan |  -nan | 100.0 | 173.2
       Dungeon | 100.0 | 100.0 |  -nan |  -nan | 100.0 | 173.2
               +-------+-------+-------+-------+-------+----------------------
